 Dungeon Crawl Stone Soup version 0.27-a0-1217-g8a41f320e8 (webtiles) character file.

Game seed: 12142951163255394241

196 polve the Covert (level 5, -3/39 HPs)
             Began as a Vampire Delver on June 5, 2021.
             Slain by a mummy (15 damage)
             ... in an ossuary.
             The game lasted 00:02:27 (407 turns).

polve the Covert (Vampire Delver)                    Turns: 407, Time: 00:02:28

Health: -3/39      AC:  3    Str: 12    XL:     5   Next: 45%
Magic:  5/5        EV: 12    Int: 13    God:
Gold:   0          SH:  0    Dex: 15    Spells: 4/4 levels left

rFire    . . .     SeeInvis +   a - +0 short sword
rCold    . . .     Faith    .   (no shield)
rNeg     . . .     Spirit   .   b - +0 leather armour
rPois    .         Reflect  .   (no helmet)
rElec    .         Harm     .   (no cloak)
rCorr    .         Rampage  .   (no gloves)
Will     .....                  (no boots)
Stlth    +++++.....             (no amulet)
HPRegen  0.33/turn              (no ring)
MPRegen  0.09/turn              (no ring)

@: healing quickly
A: alive, fangs 3, see invisible, vampiric 2
a: Exsanguinate


You were in an ossuary.
You visited 1 branch of the dungeon, and saw 1 of its levels.
You also visited: Ossuary.

Inventory:

Hand Weapons
 a - a +0 short sword (weapon)
Armour
 b - a +0 leather armour (worn)
Wands
 g - a wand of digging (3)
Scrolls
 c - a scroll of fog
 d - a scroll of magic mapping
 e - a scroll of fear
Potions
 f - a potion of haste


   Skills:
 - Level 2.6 Fighting
 - Level 2.1 Short Blades
 - Level 2.1 Dodging
 + Level 11.0 Stealth


You had 4 spell levels left.
You didn't know any spells.
Your spell library was empty.

Dungeon Overview and Level Annotations

Branches:
Dungeon (5/15)            Ossuary (1/1)
 Temple: D:4-7

Altars:


Innate Abilities, Weirdness & Mutations

Your natural rate of healing is accelerated.
You have razor-sharp teeth.
You have supernaturally acute eyesight. (SInv)
You are afflicted with vampirism and can become a bat while bloodless.


Message History

You bite the adder zombie, but do no damage.
The adder zombie is moderately damaged.
The adder zombie bites you but does no damage.
You hit the adder zombie.
The adder zombie is heavily damaged.
The elf zombie barely misses you.
The adder zombie bites you but does no damage.
You completely miss the adder zombie.
The adder zombie is heavily damaged.
The elf zombie barely misses you. The adder zombie bites you.
* * * LOW HITPOINT WARNING * * *
A mummy comes into view.
Found 2 sapphire potions.
Found a bubbling grey potion.
Found a yellow potion and 2 potions of haste.
You closely miss the mummy. The adder zombie closely misses you. x2
The mummy closely misses you.
Found a gate leading back out of this place.
The adder zombie barely misses you.
You hit the adder zombie.
The adder zombie is heavily damaged.
The adder zombie barely misses you.
You closely miss the adder zombie.
The adder zombie is heavily damaged.
The adder zombie barely misses you.
You hit the adder zombie.
The adder zombie is severely damaged.
The adder zombie bites you but does no damage.
You closely miss the elf zombie. You bite the elf zombie.
The elf zombie is moderately damaged.
The adder zombie barely misses you. The elf zombie hits you.
You hit the elf zombie. Your bite misses the elf zombie.
The elf zombie is heavily damaged.
The adder zombie barely misses you.
You hit the mummy but do no damage. The adder zombie closely misses you.
You hit the mummy but do no damage. The adder zombie bites you.
You completely miss the adder zombie.
The adder zombie is severely damaged.
The adder zombie bites you. The mummy hits you!
You die...

#..##..........∩..........#
#..#.......................
#..........................
#.....##...............##.
#....M##....Z.....Z....#
#..............Z........
#......................
##+#.........#####.....
#!!#.......M.ZM@.......
#!!#.........ZZ∩.......
#######################


You could see 2 mummies, an adder zombie, a kobold zombie and an elf zombie.

Vanquished Creatures
  An elf zombie (D:5)
  An elf skeleton (D:5)
  A hound (D:5)
  A human skeleton (D:5)
  A mummy (Ossuary)
  A hobgoblin zombie (Ossuary)
  A jackal zombie (Ossuary)
  A kobold zombie (Ossuary)
  An orc skeleton (D:5)
  An orc zombie (Ossuary)
10 creatures vanquished.

Notes
Turn   | Place    | Note
-------+----------+-------------------------------------------
     0 | D:5      | polve the Vampire Delver began the quest for the Orb.
     0 | D:5      | Reached XP level 1. HP: 17/17 MP: 1/1
     6 | D:5      | Noticed a hound
    25 | D:5      | Killed a hound
    26 | D:5      | Reached skill level 8 in Stealth
    26 | D:5      | Reached XP level 2. HP: 8/23 MP: 2/2
    26 | D:5      | Gained mutation: You are afflicted with vampirism and can
                  | become a bat while bloodless. [Vampire growth]
    26 | D:5      | Reached XP level 3. HP: 10/28 MP: 3/3
   133 | D:5      | Reached skill level 9 in Stealth
   133 | D:5      | Reached XP level 4. HP: 9/34 MP: 4/4
   231 | D:5      | Reached skill level 10 in Stealth
   231 | D:5      | Reached XP level 5. HP: 22/39 MP: 5/5
   296 | D:5      | Found a sand-covered staircase.
   301 | Ossuary  | Entered an ossuary
   335 | Ossuary  | Reached skill level 11 in Stealth
   407 | Ossuary  | Slain by a mummy

Illustrated notes

Levels and vault maps discovered:
D:5:      layout_loops_corners, lightli_temple_of_fire,
          minmay_temple_entry_purple_smoke, nicolae_ossuary_entry_catacombs
Ossuary:  ossuary_minmay_tomb_2a

Skill      XL: |  1  2  3  4  5 |
---------------+----------------+-----
Stealth        | 8 9 10 11 | 11.0
Fighting       | |  2.6
Short Blades   | |  2.1
Dodging        | |  2.1

Action                   |  1- 3 |  4- 6 || total
-------------------------+-------+-------++-------
Melee: Short sword       |    34 |    70 ||   104
       Bite              |     1 |    12 ||    13
 Stab: Sleeping          |     1 |     3 ||     4
Armor: Leather armour    |     2 |    18 ||    20
Dodge: Dodged            |    21 |    43 ||    64

Table legend: (Time is in decaauts)
 A = Elapsed time spent in this place.
 B = Non-inter-level travel time spent in this place.
 C = Inter-level travel time spent in this place.
 D = Time resting spent in this place.
 E = Time spent auto-exploring this place.
 F = Levels seen in this place.
 G = Mean time per level.
                   A        B        C        D        E       F      G
               +--------+--------+--------+--------+--------+-----+--------+
         Total |    406 |    406 |      0 |      0 |    234 |   2 |  203.0 |
       Dungeon |    300 |    300 |      0 |      0 |    234 |   1 |  300.0 |
       Ossuary |    105 |    105 |      0 |      0 |      0 |   1 |  105.0 |
               +--------+--------+--------+--------+--------+-----+--------+

Top non-repeatable levels by time:
     D:5: 300 daAuts
 Ossuary: 105 daAuts
